 Dungeon Crawl Stone Soup version 0.29.0-4-gdea44cf6ec (webtiles) character file.

Game seed: 1957086101348792479

69 qw the Sneak (level 4, -2/36 HPs)
             Began as a Ghoul Enchanter on Sept 6, 2022.
             Slain by a gnoll
             ... wielding a +0 halberd
              (13 damage)
             ... on level 2 of the Dungeon.
             The game lasted 00:00:51 (1681 turns).

qw the Sneak (Ghoul Enchanter)                      Turns: 1681, Time: 00:00:51

Health: -2/36      AC:  4    Str: 13    XL:     4   Next: 20%
Magic:  5/5        EV: 15    Int: 10    God:
Gold:   63         SH:  0    Dex:  9    Spells: 6/6 levels left

rFire   . . .      SeeInvis .   Y - +0 hand axe
rCold   + . .      Faith    .   (no shield)
rNeg    + + +      Spirit   .   i - +0 leather armour
rPois   inf        Reflect  .   (no helmet)
rElec   .          Harm     .   (no cloak)
rCorr   .          Rampage  .   k - +0 pair of gloves
Will    .....                   (no boots)
Stlth   ++........              (no amulet)
HPRegen 0.00/turn               j - +4 ring of evasion
MPRegen 0.09/turn               (no ring)

@: inhibited regen
A: claws 1, cold resistance 1, negative energy resistance 3, inhibited
regeneration, torment resistance 2, devour on kill
a: no special abilities


You were on level 2 of the Dungeon.
You visited 1 branch of the dungeon, and saw 2 of its levels.

You collected 63 gold pieces.


Innate Abilities, Weirdness & Mutations

You are immune to poison.
You have sharp fingernails.
Your flesh is cold resistant. (rC+)
You are immune to negative energy. (rN+++)
You do not regenerate when monsters are visible.
You are immune to unholy pain and torment.
You thrive by killing the living.


   Skills:
 - Level 2.0 Fighting
 - Level 0.8 Short Blades
 + Level 2.7 Axes
 - Level 1.7 Dodging
 - Level 3.2 Stealth
 - Level 1.7 Spellcasting
 - Level 2.4 Hexes


You had 6 spell levels left.
You didn't know any spells.
Your spell library contained the following spells:

 Spells                   Type           Power      Damage    Failure   Level
 Ensorcelled Hibernation  Hex/Ice        6%         N/A       36%         2
 Confusing Touch          Hex            5%         N/A       41%         3
 Tukima's Dance           Hex            5%         N/A       41%         3
 Dazzling Flash           Conj/Hex       6%         N/A       58%         3

Inventory:

Hand Weapons
 f - a +0 mace
 Y - a +0 hand axe (weapon)
Armour
 c - a +0 helmet
 i - a +0 leather armour (worn)
 k - a +0 pair of gloves (worn)
Jewellery
 j - a +4 ring of evasion (left hand)
Scrolls
 a - a scroll of identify
 b - a scroll of butterflies {unknown}
Potions
 d - a potion of haste
 e - a potion of might {unknown}
 g - a potion of curing {unknown}
 h - a potion of brilliance {unknown}
 m - a potion of degeneration {unknown}

Dungeon Overview and Level Annotations

Branches:
Dungeon (2/15)

Altars:

Annotations:
D:1 1 runed translucent door


Message History

The gnoll shouts!
1665 ||| Stepping ~*~*~tactically~*~*~ (stealth).
1667 ||| Stepping ~*~*~tactically~*~*~ (stealth).
1669 ||| Stepping ~*~*~tactically~*~*~ (stealth).
You hit the gnoll.
The gnoll is moderately wounded.
The gnoll hits you with a +0 whip.
You closely miss the gnoll.
The gnoll is moderately wounded.
The gnoll barely misses you.
You hit the gnoll.
The gnoll is heavily wounded.
The gnoll hits you with a +0 whip.
You barely miss the gnoll.
The gnoll is heavily wounded.
The gnoll misses you.
You closely miss the gnoll.
The gnoll is heavily wounded.
The gnoll closely misses you. The gnoll hits you with a +0 whip.
You hit the gnoll.
The gnoll is severely wounded.
The gnoll misses you.
You hit the gnoll.
You kill the gnoll!
You start resting.
A gnoll is nearby!
The gnoll shouts! x2
The gnoll barely misses you.
Things that are here:
a +0 whip; a gnoll corpse You hit the gnoll.
The gnoll is lightly wounded.
The gnoll hits you with a +0 halberd.
You hit the gnoll.
The gnoll is heavily wounded.
The gnoll hits you with a +0 halberd.
You hit the gnoll.
The gnoll is severely wounded.
The gnoll hits you with a +0 halberd!
You die...

#####.#.# #...........#
....))#.###.#..._..##.#
......)............##.#
...........#.......##.#
.......####.#.#....##.#
......## ###.#g#####.#
#####.# #.#.# #.# #.#
#.#g#####.# #'#
##...@.....# ..
#........### #.##.###.#
# #. #.# .. #.# ... #.#
.... ..# ####. ### ##


You could see 2 gnolls.

Vanquished Creatures
  Robin (D:2)
  A gnoll (D:2)
  5 ball pythons (D:1)
  A bat (D:2)
  3 endoplasms (D:1)
  A giant cockroach (D:1)
  13 goblins
  3 hobgoblins
  3 jackals (D:1)
  3 kobolds (D:1)
  3 quokkas
  2 frilled lizards (D:1)
  2 rats (D:1)
41 creatures vanquished.

Notes
Turn   | Place    | Note
-------+----------+-------------------------------------------
     0 | D:1      | qw the Ghoul Enchanter began the quest for the Orb.
     0 | D:1      | Reached XP level 1. HP: 14/14 MP: 2/2
     0 | D:1      | 0 ||| qw: Version: 0.1-a-108-g9e35731
     0 | D:1      | 0 ||| qw: Game counter: 6310
     0 | D:1      | 0 ||| qw: Always use a shield: true
     0 | D:1      | 0 ||| qw: God list: Okawaru
     0 | D:1      | 0 ||| qw: Allow faded altars: false
     0 | D:1      | 0 ||| qw: Do Orc after D:15 true
     0 | D:1      | 0 ||| qw: Do second Lair branch before Depths: true
     0 | D:1      | 0 ||| qw: Lair rune preference: random
     0 | D:1      | 0 ||| qw: Plans: Normal
     0 | D:1      | 0 ||| PLANNING D:1-11
     6 | D:1      | Found a runed translucent door.
   165 | D:1      | Reached skill level 1 in Axes
   176 | D:1      | Reached XP level 2. HP: 13/22 MP: 3/3
   181 | D:1      | Reached skill level 1 in Fighting
   650 | D:1      | 650 ||| Stepping ~*~*~tactically~*~*~ (outnumbered).
   792 | D:1      | 792 ||| SWAPPING to +0 club.
   793 | D:1      | 793 ||| DROPPING +1 dagger.
   797 | D:1      | 797 ||| SWAPPING to +0 short sword.
   798 | D:1      | 798 ||| DROPPING +0 club.
   801 | D:1      | 801 ||| SWAPPING to +0 mace.
   802 | D:1      | 802 ||| DROPPING +0 short sword.
   856 | D:1      | 856 ||| SWAPPING to +0 hand axe.
   906 | D:1      | 906 ||| Stepping ~*~*~tactically~*~*~ (stealth).
   908 | D:1      | 908 ||| Stepping ~*~*~tactically~*~*~ (stealth).
   950 | D:1      | Reached XP level 3. HP: 28/28 MP: 4/4
  1196 | D:1      | 1196 ||| UPGRADING to +0 leather armour.
  1206 | D:1      | 1206 ||| DROPPING +0 robe.
  1207 | D:1      | 1207 ||| UPGRADING to +0 pair of gloves.
  1212 | D:1      | 1212 ||| UPGRADING to +4 ring of evasion.
  1213 | D:1      | 1213 ||| READING scroll labelled BUDUPU JORAUSK.
  1214 | D:1      | 1214 ||| DRINKING 2 orange potions.
  1215 | D:1      | 1215 ||| DRINKING 2 metallic green potions.
  1216 | D:1      | 1216 ||| DROPPING 2 potions of invisibility.
  1217 | D:1      | 1217 ||| DROPPING potion of flight.
  1247 | D:2      | 1247 ||| Stepping ~*~*~tactically~*~*~ (stealth).
  1343 | D:2      | 1343 ||| Stepping ~*~*~tactically~*~*~ (stealth).
  1345 | D:2      | 1345 ||| Stepping ~*~*~tactically~*~*~ (stealth).
  1346 | D:2      | Noticed Robin
  1347 | D:2      | 1347 ||| Stepping ~*~*~tactically~*~*~ (hiding).
  1377 | D:2      | HP: 4/29 [Robin/+0 spear (5)]
  1380 | D:2      | Killed Robin
  1381 | D:2      | Reached XP level 4. HP: 7/36 MP: 5/5
  1511 | D:2      | 1511 ||| FLEEEEING.
  1512 | D:2      | 1512 ||| FLEEEEING.
  1513 | D:2      | 1513 ||| FLEEEEING.
  1514 | D:2      | 1514 ||| FLEEEEING.
  1515 | D:2      | 1515 ||| FLEEEEING.
  1516 | D:2      | 1516 ||| FLEEEEING.
  1657 | D:2      | 1657 ||| Stepping ~*~*~tactically~*~*~ (stealth).
  1658 | D:2      | 1658 ||| Stepping ~*~*~tactically~*~*~ (stealth).
  1665 | D:2      | 1665 ||| Stepping ~*~*~tactically~*~*~ (stealth).
  1667 | D:2      | 1667 ||| Stepping ~*~*~tactically~*~*~ (stealth).
  1669 | D:2      | 1669 ||| Stepping ~*~*~tactically~*~*~ (stealth).
  1681 | D:2      | Slain by a gnoll

Levels and vault maps discovered:
D:1:      dpeg_arrival_caged_fury, layout_loops_ring,
          nicolae_concentric_dashed_squares_mild, minmay_hexomino_p4
D:2:      layout_loops_corners, shapermc_ecumenical_altar_mp_vishouse,
          basic_altar, kennysheep_generic_room_13, uniq_sigmund, uniq_robin

Skill      XL: |  1  2  3 |
---------------+----------+-----
Axes           | 1 2 |  2.7
Fighting       | 1 2 |  2.0
Short Blades   | |  0.8
Dodging        | |  1.7
Stealth        | |  3.2
Spellcasting   | |  1.7
Hexes          | |  2.4

Action                   |  1- 3 |  4- 6 || total
-------------------------+-------+-------++-------
Melee: Dagger            |    74 |       ||    74
       Hand axe          |    74 |    10 ||    84
  Use: Potion            |     2 |       ||     2
       Scroll            |     1 |       ||     1
 Stab: Sleeping          |     1 |       ||     1
Armor: Robe              |    16 |       ||    16
       Leather armour    |    20 |       ||    20
Dodge: Dodged            |   107 |     5 ||   112

Table legend:
 A = Non-vault XP
 B = Vault XP
 C = Vault XP percentage of total XP
 D = Non-vault monster count
 E = Vault monster count
 F = Vault count percentage of total count
                 A         B        C        D         E       F
            +---------+---------+-------+---------+---------+-------
      Total |      57 |      42 |  42.4 |      25 |      16 |  39.0
            +---------+---------+-------+---------+---------+-------
        D:1 |      36 |       4 |  10.0 |      21 |       3 |  12.5
        D:2 |      21 |      38 |  64.4 |       4 |      13 |  76.5
            +---------+---------+-------+---------+---------+-------
